 Dungeon Crawl Stone Soup version 0.29.0 (webtiles) character file.

Game seed: 8163283563396273276

33326 Dorkslayer the Severer (level 13, -2/123 HPs)
             Began as a Hill Orc Fighter on Sept 17, 2022.
             Was an Initiate of Gozag.
             Slain by a bone dragon (12 damage)
             ... on level 1 of the Abyss.
             The game lasted 00:55:21 (12448 turns).

Dorkslayer the Severer (Hill Orc Fighter)          Turns: 12448, Time: 00:55:22

Health: -2/123     AC: 30    Str: 25    XL:     13   Next: 70%
Magic:  13/13      EV: 10    Int:  8    God:    Gozag
Gold:   763        SH: 13    Dex: 12    Spells: 12/12 levels left

rFire   + + .      SeeInvis +   a - +1 war axe (vorpal)
rCold   + . .      Faith    .   C - +2 buckler of Yxuffyis {rF+ Regen+ Int-3}
rNeg    + . .      Spirit   .   f - +3 gold dragon scales
rPois   +          Reflect  +   u - +1 helmet {Int+3}
rElec   .          Harm     .   d - +0 cloak
rCorr   .          Rampage  .   m - +2 pair of gloves {Stlth+}
Will    .....                   K - +1 pair of boots
Stlth   ..........              v - amulet of reflection
HPRegen 1.90/turn               s - +4 ring of evasion
MPRegen 0.13/turn               h - ring "Wadwekho" {rN+ Will- Str+3 SInv Stlth+}

@: hasted, very quick
A: hooves 1, regeneration 1
a: Renounce Religion, Potion Petition, Call Merchant, Bribe Branch


You were on level 1 of the Abyss.
You worshipped Gozag.
Gozag was pleased with you.
You visited 3 branches of the dungeon, and saw 15 of its levels.
You visited the Abyss 1 time.
You also visited: Sewer.

You collected 4625 gold pieces.
You spent 2263 gold pieces at shops.
You paid 1599 gold pieces to Gozag.

Inventory:

Hand Weapons
 a - a +1 vorpal war axe (weapon)
 n - a +2 spectral war axe
 q - a +2 broad axe
Missiles
 p - 2 boomerangs of dispersal
 G - 10 boomerangs (quivered)
Armour
 d - a +0 cloak (worn)
 f - +3 gold dragon scales (worn)
 m - a +2 pair of gloves of stealth (worn)
 u - a +1 helmet of intelligence (worn)
 C - the +2 buckler of Yxuffyis (worn) {rF+ Regen+ Int-3}
   (You found it in a sewer)

   Int:       It affects your intelligence (-3).
   rF:        It protects you from fire.
   Regen:     It increases your rate of health regeneration.
 K - a +1 pair of boots (worn)
Jewellery
 h - the ring "Wadwekho" (right hand) {rN+ Will- Str+3 SInv Stlth+}
   (You bought it in a shop on level 2 of the Orcish Mines)

   [ring of positive energy]

   Str:       It affects your strength (+3).
   rN:        It protects you from negative energy.
   SInv:      It lets you see invisible.
   Will:      It decreases your willpower.
   Stlth:     It makes you more stealthy.
 s - a +4 ring of evasion (left hand)
 v - an amulet of reflection (around neck)
Wands
 y - a wand of flame (27)
Scrolls
 i - a scroll of fog
 j - a scroll of identify
 k - a scroll of teleportation
 o - 2 scrolls of immolation
 w - a scroll of poison
 B - 2 scrolls of summoning
Potions
 b - 3 potions of flight
 e - 3 potions of brilliance
 g - 9 potions of curing
 r - 2 potions of might
 t - 2 potions of ambrosia
 x - 3 potions of mutation
 z - a potion of haste
 A - a potion of magic
Miscellaneous
 c - a tin of tremorstones (1/2)


   Skills:
 * Level 13.9 Fighting
 + Level 15.5 Axes
 + Level 0.8 Throwing
 * Level 9.8 Armour
 + Level 6.3 Dodging
 + Level 4.1 Stealth
 + Level 8.1 Shields
 * Level 8.6 Evocations


You had 12 spell levels left.
You didn't know any spells.
Your spell library contained the following spells:

 Spells                   Type           Power      Damage    Failure   Level
 Magic Dart               Conj           0%         1d3       100%        1
 Ensorcelled Hibernation  Hex/Ice        0%         N/A       100%        2
 Passwall                 Tmut/Erth      0%         N/A       100%        2
 Searing Ray              Conj           0%         2d4       100%        2
 Gell's Gravitas          Tloc           0%         N/A       100%        3
 Lesser Beckoning         Tloc           0%         N/A       100%        3
 Swiftness                Air            0%         N/A       100%        3
 Teleport Other           Tloc           0%         N/A       100%        3
 Fulminant Prism          Conj/Hex       0%         3d6       100%        4


Dungeon Overview and Level Annotations

Branches:
Dungeon (12/15)            Temple (1/1) D:5            Lair (0/5) D:8
    Orc (2/2) D:10            Elf (0/3) Orc:2         Sewer (visited)

Altars:
Ashenzari
Cheibriados
Dithmenos
Elyvilon
Fedhas
Gozag
Hepliaklqana
Kikubaaqudgha
Makhleb
Nemelex Xobeh
Okawaru
Qazlal
Ru
Sif Muna
Trog
Uskayaw
Vehumet
Wu Jian
Xom
Yredelemnul
Zin
The Shining One
Beogh

Shops:
D:5 [*   Orc:2 [[!(=?

Annotations:
D:12 Erolcha, Kirke


Innate Abilities, Weirdness & Mutations

You have large cloven feet.
Your natural rate of healing is unusually fast.


Message History

You hit the bone dragon but do no damage.
The bone dragon is severely damaged.
The bone dragon bites you.
* * * LOW HITPOINT WARNING * * *
The bone dragon claws you.
* * * LOW HITPOINT WARNING * * *
The bone dragon barely misses you.
You hit the bone dragon but do no damage.
The bone dragon is severely damaged.
You hit the bone dragon but do no damage.
The bone dragon is severely damaged.
You hit the bone dragon but do no damage.
The bone dragon is severely damaged.
The bone dragon bites you!
* * * LOW HITPOINT WARNING * * *
The bone dragon claws you but does no damage.
The bone dragon tramples you but does no damage.
You hit the bone dragon but do no damage.
The bone dragon is severely damaged.
You completely miss the bone dragon.
The bone dragon is severely damaged.
The bone dragon bites you but does no damage.
The bone dragon barely misses you.
The bone dragon tramples you but does no damage.
You hit the bone dragon but do no damage.
The bone dragon is severely damaged.
You slash the bone dragon!
The bone dragon is almost destroyed.
The bone dragon misses you. The bone dragon claws you!
* * * LOW HITPOINT WARNING * * *
The bone dragon tramples you!
* * * LOW HITPOINT WARNING * * *
You hold your ground!
You slash the bone dragon!
The bone dragon is almost destroyed.
You hit the bone dragon but do no damage.
The bone dragon is almost destroyed.
You block the bone dragon's attack. The bone dragon claws you!
You die...
Your body crumbles into a pile of gold.

## #.
#$##
#.@###
##D$.#
##...#
.###.#
## ..
#.# ..
#. ยง


You could see a bone dragon.

Vanquished Creatures
  A tentacled starspawn (Abyss:1)
  A very ugly thing (D:10)
  3 ettins
  A hydra (D:12)
  6 two-headed ogres
  A hell hog (Abyss:1)
  An orc high priest (Orc:1)
  A wretched star (Abyss:1)
  Pikel (D:7)
  A deep elf pyromancer (D:7)
  4 orc knights
  2 orc sorcerers
  2 ugly things
  3 manticores
  2 cyclopes (D:11)
  A gargoyle (D:10)
  A hellion (Abyss:1)
  Maggie (D:7)
  A kobold demonologist (D:12)
  A hellwing (Abyss:1)
  5 trolls
  A hornet (D:7)
  Prince Ribbit (D:7)
  A slime creature (D:10)
  2 shadows
  A wyvern (D:9)
  Eustachio (D:4)
  2 wraiths
  19 yaks
  2 hogs (D:12)
  4 acid dragons
  6 water moccasins
  A warg (Orc:2)
  32 orc warriors
  2 black bears
  An ice beast (D:7)
  12 ogres
  17 centaurs
  2 lemures (D:7)
  3 kobold brigands
  3 necrophages
  4 bullfrogs
  4 gnoll sergeants
  5 scorpions
  9 wights
  9 killer bees
  A howler monkey (D:5)
  2 jellies (D:7)
  10 orc priests
  4 hounds
  4 gnoll boudas
  Crazy Yiuf (D:3)
  2 iguanas
  19 orc wizards
  15 adders
  32 gnolls
  4 river rats (Sewer)
  2 shadow imps
  A white imp (D:7)
  2 ufetubi (D:7)
  5 worms
  4 dart slugs
  63 orcs
  11 ball pythons
  4 bats (D:1)
  9 endoplasms
  8 giant cockroaches
  9 goblins
  3 hobgoblins
  7 jackals
  4 quokkas
  7 frilled lizards
  34 kobolds
  24 rats
475 creatures vanquished.

Vanquished Creatures (others)
  3 starspawn tentacles (Abyss:1)
3 creatures vanquished.

Grand Total: 478 creatures vanquished

Notes
Turn   | Place    | Note
-------+----------+-------------------------------------------
     0 | D:1      | Dorkslayer the Hill Orc Fighter began the quest for the
                  | Orb.
     0 | D:1      | Reached XP level 1. HP: 19/19 MP: 1/1
    97 | D:1      | Reached XP level 2. HP: 25/27 MP: 2/2
   423 | D:1      | Found a faded altar of an unknown god.
   535 | D:1      | Reached XP level 3. HP: 33/33 MP: 3/3
   552 | D:1      | Reached skill level 3 in Axes
  1301 | D:2      | Reached XP level 4. HP: 41/41 MP: 4/4
  1757 | D:3      | Reached skill level 1 in Dodging
  1777 | D:3      | Reached skill level 4 in Axes
  1787 | D:3      | Reached XP level 5. HP: 30/47 MP: 5/5
  2002 | D:3      | Reached skill level 5 in Fighting
  2002 | D:3      | Reached skill level 5 in Axes
  2106 | D:3      | Found a runed translucent door.
  2107 | D:3      | Noticed Crazy Yiuf
  2113 | D:3      | Killed Crazy Yiuf
  2114 | D:3      | Reached XP level 6. HP: 56/56 MP: 6/6
  2182 | D:3      | Found a shimmering altar of Xom.
  2184 | D:3      | Found a sacrificial altar of Ru.
  2366 | D:4      | Noticed Eustachio
  2381 | D:4      | Killed Eustachio
  2382 | D:4      | Reached skill level 6 in Axes
  2611 | D:4      | You are sucked into a shaft and drop 1 floor!
  2611 | D:5      | Entered Level 5 of the Dungeon
  2620 | D:5      | Found Iroitti's Antique Armour Boutique.
  2642 | D:5      | Reached XP level 7. HP: 62/62 MP: 7/7
  2671 | D:5      | Found Rifad's Fire Supplies.
  2717 | D:5      | Bought a scroll of immolation for 60 gold pieces
  2819 | D:5      | Noticed a shadow
  2857 | D:5      | Killed a shadow
  2858 | D:5      | Reached skill level 7 in Axes
  2867 | D:5      | Found a staircase to the Ecumenical Temple.
  2877 | Temple   | Entered the Ecumenical Temple
  2884 | Temple   | Became a worshipper of Gozag Ym Sagoz the Greedy
  2954 | D:5      | Reached XP level 8. HP: 52/71 MP: 8/8
  3310 | D:4      | Found a stormy altar of Qazlal.
  3648 | D:5      | Bought a wand of flame (8) for 84 gold pieces
  3855 | D:6      | Found a glowing drain.
  3897 | Sewer    | Entered a sewer
  4005 | Sewer    | Reached skill level 8 in Axes
  4134 | Sewer    | Reached skill level 1 in Evocations
  4202 | Sewer    | Identified the +2 buckler of Yxuffyis {rF+ Regen+ Int-3}
  5146 | D:6      | Reached skill level 5 in Armour
  5190 | D:7      | Noticed a manticore
  5202 | D:7      | Noticed Prince Ribbit
  5217 | D:7      | Noticed a deep elf pyromancer
  5267 | D:7      | Reached skill level 9 in Axes
  5273 | D:7      | Reached XP level 9. HP: 60/80 MP: 9/9
  5392 | D:7      | Noticed Pikel
  5426 | D:7      | Killed Pikel
  5433 | D:7      | Reached skill level 5 in Shields
  5500 | D:7      | Killed a manticore
  5501 | D:7      | Reached skill level 1 in Stealth
  5565 | D:7      | Noticed Maggie
  5580 | D:7      | Reached skill level 10 in Axes
  5590 | D:7      | Killed Maggie
  5591 | D:7      | Reached XP level 10. HP: 59/91 MP: 10/10
  5626 | D:7      | Noticed a red ugly thing
  5682 | D:5      | Bought a runed helmet for 232 gold pieces
  5813 | D:6      | Killed a red ugly thing
  6026 | D:7      | Killed a deep elf pyromancer
  6027 | D:7      | Reached skill level 11 in Axes
  6140 | D:7      | Paralysed by a hornet for 2 turns
  6143 | D:7      | Paralysed by a hornet for 2 turns
  6155 | D:7      | Paralysed by a hornet for 2 turns
  6296 | D:7      | Found a blossoming altar of Fedhas.
  6296 | D:7      | Found an ancient bone altar of Kikubaaqudgha.
  6301 | D:7      | Found a sparkling altar of Nemelex Xobeh.
  6303 | D:7      | Found a faded altar of an unknown god.
  6304 | D:7      | Found a faded altar of an unknown god.
  6371 | D:7      | Reached skill level 10 in Fighting
  6392 | D:7      | Killed Prince Ribbit
  6393 | D:7      | Reached skill level 5 in Evocations
  6691 | D:8      | Reached skill level 5 in Dodging
  6711 | D:8      | Reached XP level 11. HP: 101/101 MP: 11/11
  6717 | D:8      | Found a staircase to the Lair.
  7479 | D:8      | Reached skill level 12 in Axes
  7652 | D:9      | Found a glowing silver altar of Zin.
  7892 | D:9      | Noticed a two-headed ogre
  7905 | D:9      | Killed a two-headed ogre
  8349 | D:10     | Entered Level 10 of the Dungeon
  8631 | D:10     | Noticed a two-headed ogre
  8640 | D:10     | Killed a two-headed ogre
  8641 | D:10     | Reached skill level 13 in Axes
  8649 | D:10     | Noticed a two-headed ogre
  8662 | D:10     | Killed a two-headed ogre
  8663 | D:10     | Reached XP level 12. HP: 93/110 MP: 12/12
  8719 | D:10     | Noticed a brown very ugly thing
  8754 | D:10     | Killed a brown very ugly thing
  9093 | D:10     | Found a staircase to the Orcish Mines.
  9337 | Orc:1    | Entered Level 1 of the Orcish Mines
  9451 | Orc:2    | Entered Level 2 of the Orcish Mines
  9571 | Orc:2    | Paralysed by an orc sorcerer for 5 turns
  9589 | Orc:2    | Reached skill level 14 in Axes
  9704 | Orc:2    | Noticed an ettin
  9718 | Orc:2    | Killed an ettin
  9800 | Orc:1    | Noticed an orc high priest
  9801 | Orc:1    | Noticed a two-headed ogre
  9802 | Orc:1    | Found a roughly hewn altar of Beogh.
  9802 | Orc:1    | Noticed an ettin
 10266 | Orc:1    | Found a transporter.
 10268 | Orc:1    | Found a transporter.
 10271 | Orc:1    | Noticed a two-headed ogre
 10272 | Orc:1    | Noticed an ettin
 10461 | Orc:1    | Noticed a two-headed ogre
 10478 | Orc:1    | Killed an ettin
 10481 | Orc:1    | Killed a two-headed ogre
 10495 | Orc:1    | Noticed a soul eater
 10501 | Orc:1    | Killed an ettin
 10508 | Orc:1    | Killed a two-headed ogre
 10534 | Orc:1    | Killed a two-headed ogre
 10535 | Orc:1    | Reached XP level 13. HP: 102/119 MP: 13/13
 10744 | Orc:2    | Found a staircase to the Elven Halls.
 10852 | Orc:2    | Reached skill level 15 in Axes
 11342 | Orc:2    | Found Pymelun's Distillery.
 11342 | Orc:2    | Found Oneawy's Antique Armour Boutique.
 11344 | Orc:2    | Found Hyesch's Antique Armour Shop.
 11346 | Orc:2    | Found Utaosh's Antique Weapon Shoppe.
 11360 | Orc:2    | Bought a potion of curing for 30 gold pieces
 11360 | Orc:2    | Bought a potion of might for 40 gold pieces
 11360 | Orc:2    | Bought a potion of haste for 100 gold pieces
 11360 | Orc:2    | Bought a potion of might for 40 gold pieces
 11360 | Orc:2    | Bought a potion of curing for 30 gold pieces
 11360 | Orc:2    | Gained mutation: You are dopey. (Int -2) [potion of
                  | mutation]
 11360 | Orc:2    | Gained mutation: You are partially covered in iridescent
                  | scales. (AC +2) [potion of mutation]
 11361 | Orc:2    | Lost mutation: You are dopey. (Int -2) [potion of mutation]
 11361 | Orc:2    | Lost mutation: You are partially covered in iridescent
                  | scales. (AC +2) [potion of mutation]
 11361 | Orc:2    | Gained mutation: Your natural rate of healing is unusually
                  | fast. [potion of mutation]
 11361 | Orc:2    | Gained mutation: You have large cloven feet. [potion of
                  | mutation]
 11367 | Orc:2    | Bought a glowing helmet for 187 gold pieces
 11367 | Orc:2    | Bought a runed helmet for 187 gold pieces
 11383 | Orc:2    | Bought a potion of mutation for 80 gold pieces
 11383 | Orc:2    | Bought a potion of ambrosia for 80 gold pieces
 11387 | Orc:2    | Bought a scroll of enchant weapon for 127 gold pieces
 11387 | Orc:2    | Bought a scroll of enchant weapon for 127 gold pieces
 11391 | Orc:2    | Bought the ring "Wadwekho" {rN+ Will- Str+3 SInv Stlth+}
                  | for 469 gold pieces
 11391 | Orc:2    | Bought an amulet of reflection for 390 gold pieces
 11523 | D:11     | Found an iron altar of Okawaru.
 12025 | D:12     | Noticed Kirke
 12045 | D:12     | HP: 4/122 [Kirke (18)]
 12248 | D:12     | Noticed Erolcha
 12257 | Abyss:1  | Cast into level 1 of the Abyss (Erolcha)
 12340 | Abyss:1  | Noticed a tentacled starspawn
 12353 | Abyss:1  | Killed a tentacled starspawn
 12397 | Abyss:1  | Noticed a bone dragon
 12423 | Abyss:1  | HP: 2/123 [bone dragon (11)]
 12448 | Abyss:1  | Slain by a bone dragon

Illustrated notes

Levels and vault maps discovered:
D:1:      lemuel_arrival_lava_pool, layout_basic,
          hellmonk_ecumenical_altar_inner_sanctum, minmay_misc_feat_chi
D:2:      layout_loops_ring, minmay_hexomino_f4
D:3:      layout_rooms, nicolae_overflow_hidden_temple, uniq_crazy_yiuf_cottage
D:4:      layout_basic, grunt_qazlal_sundering, minmay_misc_feat_plants,
          hex_medium, uniq_eustachio
D:5:      kennysheep_big_flooded_room, layout_cave_pools,
          minmay_temple_entry_tees, serial_shops, shop, serial_park,
          serial_park_tiny_2, minmay_misc_feat_columns, palyth_stone_intersect,
          nicolae_shop_fire_sale [nicolae_sub_dead_trees], st_stairs_9
D:6:      layout_basic, cheibrodos_sewer_entry_drain
D:7:      cheibrodos_fzero, layout_loops_ring,
          chequers_temple_overflow_minitemple, uniq_maggie, uniq_pikel,
          uniq_prince_ribbit1
D:8:      layout_basic, lair_entry_dummy
D:9:      layout_roguey, overflow_temple_1_default
D:10:     layout_cross, orc_0_dummy, evilmike_minifort
D:11:     layout_roguey, okawaru_gym_becter
D:12:     layout_roguey, uniq_erolcha, uniq_kirke, uniq_psyche
Temple:   minmay_freezing_vapour_temple
Orc:1:    gammafunk_beogh_shrine, layout_caves
Orc:2:    st_orc_rangers, layout_caves
Abyss:1:  base: Lair:5, base:
Temple

Skill      XL: |  1  2  3  4  5  6  7  8  9 10 11 12 13 |
---------------+----------------------------------------+-----
Fighting       | 4 5 6 7 9 10 11 12 13 | 13.9
Axes           | 3 4 5 6 7 9 10 11 13 14 15 | 15.5
Dodging        | 1 2 3 4 5 6 |  6.3
Armour         | 4 5 7 8 9 |  9.8
Shields        | 4 5 6 7 8 |  8.1
Evocations     | 2 4 5 6 7 8 |  8.6
Stealth        | 1 3 4 |  4.1
Throwing       | |  0.8

Action                   |  1- 3 |  4- 6 |  7- 9 | 10-12 | 13-15 || total
-------------------------+-------+-------+-------+-------+-------++-------
Melee: War axe           |   114 |   148 |   322 |   729 |   309 ||  1622
       Unarmed           |       |       |       |       |     5 ||     5
Throw: Boomerang         |       |       |       |    12 |       ||    12
       Dart              |       |       |       |     1 |       ||     1
Invok: Call Merchant     |       |       |       |       |     2 ||     2
Evoke: Wand              |       |       |     6 |    12 |     4 ||    22
       Tin of tremorston |       |       |       |     3 |     1 ||     4
  Use: Scroll            |     3 |     1 |     9 |    19 |     6 ||    38
       Potion            |       |     1 |       |     2 |     8 ||    11
 Stab: Distracted        |       |       |     4 |     4 |       ||     8
       Paralysed         |       |       |       |    26 |       ||    26
       Invisible         |       |       |       |     7 |       ||     7
Armor: Scale mail        |    20 |       |       |       |       ||    20
       Chain mail        |    63 |    90 |   192 |   207 |       ||   552
       Plate armour      |       |       |       |    36 |       ||    36
       Gold dragon scale |       |       |       |   139 |   202 ||   341
Dodge: Dodged            |    53 |    64 |   123 |   206 |   166 ||   612
Block: Buckler           |    34 |    35 |   101 |   241 |   173 ||   584
       Reflection        |       |       |       |       |     4 ||     4
       Other             |       |       |       |       |     2 ||     2
